 Dungeon Crawl Stone Soup version 0.30-a0-867-g305f33218d (webtiles) character file.

Game seed: 9288190603576973453

2835 selver the Skirmisher (level 9, -18/49 HPs)
             Began as a Tengu Hunter on Mar 10, 2023.
             Was a Believer of Fedhas.
             Demolished by an ogre
             ... wielding a +0 giant club
              (23 damage)
             ... on level 7 of the Dungeon.
             The game lasted 00:31:03 (8470 turns).

selver the Skirmisher (Tengu Hunter)                Turns: 8470, Time: 00:31:03

Health: -18/49     AC:  7    Str: 12    XL:     9   Next: 73%
Magic:  12/12      EV: 13    Int:  9    God:    Fedhas [**....]
Gold:   332        SH:  0    Dex: 25    Spells: 8/8 levels left

rFire   . . .      SeeInvis +    u - +7 whip of Obsession {venom, rC+ Dex+3}
rCold   + . .      Faith    .    (no shield)
rNeg    . . .      Spirit   .    e - +0 ring mail
rPois   +          Reflect  .    s - +2 hat
rElec   .          Rampage  .    (no cloak)
rCorr   .                        (no gloves)
Will    .....                    (boots unavailable)
Stlth   +                        (no amulet)
HPRegen 0.28/turn                i - ring of see invisible
MPRegen 0.13/turn                w - ring of poison resistance

@: mighty, lit by a corona, flying quickly and evasively, glowing, quick
A: beak, talons 3, nimble flight
a: Renounce Religion, Wall of Briars


You were on level 7 of the Dungeon.
You worshipped Fedhas.
Fedhas was pleased with you.
You visited 2 branches of the dungeon, and saw 10 of its levels.

You collected 370 gold pieces.
You spent 38 gold pieces at shops.

Inventory:

Hand Weapons
 a - a +0 shortbow
 c - a +1 hand crossbow
 u - the +7 whip of Obsession (weapon) {venom, rC+ Dex+3}
   (You found it on level 7 of the Dungeon)

   Dex:       It affects your dexterity (+3).
   rC:        It protects you from cold.
Missiles
 g - 6 boomerangs of dispersal
 r - 2 throwing nets
Armour
 e - a +0 ring mail (worn)
 s - a +2 hat (worn)
Jewellery
 i - a ring of see invisible (left hand)
 w - a ring of poison resistance (right hand)
 B - a ring of wizardry
Wands
 j - a wand of quicksilver (6)
 q - a wand of mindburst (2)
 t - a wand of iceblast (9)
 x - a wand of polymorph (6)
Scrolls
 b - 2 scrolls of immolation
 d - 2 scrolls of magic mapping
 f - a scroll of identify
 h - 2 scrolls of vulnerability
 l - a scroll of enchant weapon
Potions
 m - a potion of berserk rage
 o - 2 potions of brilliance
 p - a potion of ambrosia
 E - 2 potions of mutation {unknown}


   Skills:
 + Level 2.6 Fighting
 * Level 13.8 Ranged Weapons
 - Level 2.1 Dodging
 - Level 1.0 Stealth
 - Level 3.7 Invocations


You had 8 spell levels left.
You didn't know any spells.
Your spell library contained the following spells:

 Spells                   Type           Power      Damage    Failure   Level
 Apportation              Tloc           0%         N/A       67%         1
 Beastly Appendage        Tmut           0%         N/A       67%         1
 Magic Dart               Conj           0%         1d3       67%         1
 Summon Small Mammal      Summ           0%         N/A       67%         1
 Searing Ray              Conj           0%         2d4       80%         2
 Wereblood                Tmut           0%         N/A       80%         2
 Call Canine Familiar     Summ           0%         N/A       95%         3
 Frozen Ramparts          Ice            0%         1d1       95%         3
 Gell's Gravitas          Tloc           0%         N/A       95%         3
 Spider Form              Tmut/Pois      0%         N/A       95%         3
 Stone Arrow              Conj/Erth      0%         3d7       95%         3
 Summon Guardian Golem    Hex/Summ       0%         N/A       95%         3
 Teleport Other           Tloc           0%         N/A       95%         3
 Animate Armour           Summ/Erth      0%         N/A       100%        4
 Fulminant Prism          Conj/Hex       0%         3d5       100%        4
 Ice Form                 Ice/Tmut       0%         N/A       100%        4
 Summon Ice Beast         Ice/Summ       0%         N/A       100%        4
 Alistair's Intoxication  Tmut/Pois      0%         N/A       100%        5
 Dispersal                Tloc           0%         N/A       100%        6
 Lehudib's Crystal Spear  Conj/Erth      0%         10d2      100%        8


Dungeon Overview and Level Annotations

Branches:
Dungeon (9/15)             Temple (1/1) D:6
   Lair: D:8-11         Orc: D:9-12

Altars:
Ashenzari
Fedhas
Nemelex Xobeh
Okawaru
Ru
Trog
Uskayaw
Vehumet
Wu Jian
Xom
The Shining One

Shops:
D:5 (

Annotations:
D:4 Eustachio
D:7 Dowan, Duvessa
D:9 Maurice


Innate Abilities, Weirdness & Mutations

You have a beak for a mouth.
You have claws for feet.
Your magical nature lets you fly swiftly and evasively.


Message History

The killer bee stings you but does no damage.
The killer bee misses you.
Okay, then.
Okay, then.
You feel agile.
The +7 whip of Obsession {venom, rC+ Dex+3} begins to drip with poison!
u - the +7 whip of Obsession (weapon)
{venom, rC+ Dex+3} The killer bee stings you.
* * * LOW HITPOINT WARNING * * *
You feel very mighty all of a sudden. The killer bee closely misses you.
The killer bee barely misses you.
You barely miss the killer bee. You claw the killer bee.
The killer bee is lightly wounded.
The killer bee stings you.
* * * LOW HITPOINT WARNING * * *
Dowan says, "Magic and the sword, together, will defeat you."
The killer bee stings you.
* * * LOW HITPOINT WARNING * * *
You barely miss the killer bee. You claw the killer bee!
The killer bee is severely wounded.
The killer bee misses you. x2
You closely miss the killer bee. You claw the killer bee.
You kill the killer bee!
Fedhas appreciates your contribution to the ecosystem.
The ogre closely misses you.
The killer bee stings you but does no damage.
You whack the killer bee!
The killer bee is poisoned.
Your kick misses the killer bee.
The killer bee is severely wounded.
The killer bee barely misses you. The killer bee stings you.
* * * LOW HITPOINT WARNING * * *
The ogre barely misses you.
Dowan gestures wildly while chanting.
Dowan blinks!
You closely miss the killer bee. You claw the killer bee.
You kill the killer bee!
Fedhas appreciates your contribution to the ecosystem.
The ogre hits you with a +0 giant club!!
You die...
Fedhas appreciates your contribution to the ecosystem.

**,,,,,,,,,,,,..............
**,,##*****#..#*##..#..#.###(
*,,g.# #..*###.,#...># #. *,O..#
#..,...,,#....###. **g.gg#
#..,,,..##....<##. ###§....#
#.#,.......#...... #§§§#,,,*
#.#*######.#.##### #§###,,,* #†#
#........ #§#
*****######@########.#....##
#§##### #...gO.e.##....)[.##.##
#§§§§.# #.#########.###.####...
*#'###.# #.#*,..* #§# #.#,,#.##
.§..*#.####.##.#.####§# #.#,,###*
....##....#.......##.D###.#.,,...
....Z.....O..#.#####)........*###
.###.........#.#..§.c####..#.,,,.
.*,#.............g......#....,*##


You could see an ogre, Dowan and a gnoll.

Vanquished Creatures
  Joseph (D:6)
  Sigmund (D:2)
  2 steam dragons
  A water moccasin (D:5)
  2 orc warriors
  2 sky beasts (D:6)
  An ice beast (D:6)
  An ogre (D:5)
  2 centaurs
  A bullfrog (D:6)
  4 scorpions
  3 wights (D:6)
  6 killer bees
  2 hounds
  An orc priest (D:5)
  Crazy Yiuf (D:4)
  Jessica (D:2)
  2 iguanas
  6 orc wizards
  3 gnolls (D:5)
  12 adders
  3 shadow imps
  2 white imps (D:6)
  2 ufetubi
  A worm (D:5)
  15 orcs
  10 ball pythons
  6 bats
  2 endoplasms (D:1)
  A giant cockroach (D:2)
  4 hobgoblins
  5 kobolds
  4 quokkas
  A frilled lizard (D:3)
  6 goblins
  9 rats
126 creatures vanquished.

Vanquished Creatures (others)
  2 goblins (D:7)
2 creatures vanquished.

Grand Total: 128 creatures vanquished

Notes
Turn   | Place    | Note
-------+----------+-------------------------------------------
     0 | D:1      | selver the Tengu Hunter began the quest for the Orb.
     0 | D:1      | Reached XP level 1. HP: 12/12 MP: 2/2
   162 | D:1      | Reached XP level 2. HP: 17/17 MP: 3/3
   203 | D:1      | Reached skill level 5 in Ranged Weapons
   768 | D:1      | Reached XP level 3. HP: 21/21 MP: 4/4
  1398 | D:2      | Found a blossoming altar of Fedhas.
  1443 | D:2      | Became a worshipper of Fedhas Madash
  1494 | D:2      | Noticed Sigmund
  1673 | D:3      | Reached skill level 6 in Ranged Weapons
  1673 | D:3      | Reached XP level 4. HP: 21/26 MP: 5/5
  1958 | D:3      | Found an iron altar of Okawaru.
  2089 | D:3      | Gained mutation: Your magical nature lets you fly swiftly
                  | and evasively. [Tengu growth]
  2089 | D:3      | Reached XP level 5. HP: 30/30 MP: 6/6
  2485 | D:2      | Noticed Jessica
  2487 | D:2      | Killed Jessica
  2488 | D:2      | Reached skill level 7 in Ranged Weapons
  2586 | D:2      | Killed Sigmund
  2587 | D:2      | Reached skill level 8 in Ranged Weapons
  2587 | D:2      | Reached XP level 6. HP: 35/35 MP: 7/7
  2764 | D:4      | Found a shimmering altar of Xom.
  2764 | D:4      | Found a sparkling altar of Nemelex Xobeh.
  2801 | D:4      | Reached * piety under Fedhas
  3039 | D:4      | Noticed Eustachio
  3184 | D:4      | Found a runed translucent door.
  3185 | D:4      | Noticed Crazy Yiuf
  3204 | D:4      | Killed Crazy Yiuf
  3500 | D:5      | Entered Level 5 of the Dungeon
  3578 | D:5      | Reached skill level 9 in Ranged Weapons
  3578 | D:5      | Reached XP level 7. HP: 32/40 MP: 8/8
  3990 | D:5      | Found Joonotru's Firing Range.
  3994 | D:5      | Bought a +0 hand crossbow for 38 gold pieces
  4193 | D:5      | Reached skill level 10 in Ranged Weapons
  4563 | D:5      | Reached XP level 8. HP: 44/44 MP: 9/9
  4956 | D:6      | Reached skill level 11 in Ranged Weapons
  5243 | D:6      | Reached ** piety under Fedhas
  5647 | D:6      | Found a staircase to the Ecumenical Temple.
  5656 | Temple   | Entered the Ecumenical Temple
  5743 | D:6      | Reached skill level 12 in Ranged Weapons
  5963 | D:6      | Reached skill level 1 in Invocations
  6197 | D:7      | Noticed Joseph
  6318 | D:7      | Identified the +1 flail "Vieggojo" {vamp, rC+ rN+ Stlth-}
  6324 | D:7      | Found a flagged portal.
  6344 | D:7      | HP: 1/44 [steam dragon/ball of steam (17)]
  6514 | D:6      | Reached XP level 9. HP: 48/48 MP: 11/11
  6570 | D:6      | Killed Joseph
  6571 | D:6      | Reached skill level 13 in Ranged Weapons
  6706 | D:7      | Noticed Duvessa
  7828 | D:7      | Identified the +7 whip of Obsession {venom, rC+ Dex+3}
  8403 | D:7      | You are sucked into a shaft and drop 2 floors!
  8426 | D:9      | Noticed Maurice
  8446 | D:7      | Noticed Dowan
  8470 | D:7      | Demolished by an ogre

Illustrated notes

Levels and vault maps discovered:
D:1:      roderic_octagonal_star, layout_loops_ring, roderic_roman_lattice,
          chequers_jeans
D:2:      minmay_chambers_of_ones, layout_basic, basic_altar, uniq_jessica,
          uniq_sigmund
D:3:      layout_loops_ring, amcnicky_altar_gilded, hex_tiny,
          kennysheep_pointless_box, amcnicky_mini_corridor_feature
D:4:      layout_cave_pools, grunt_temple_overflow_open, uniq_eustachio,
          uniq_crazy_yiuf_cottage
D:5:      layout_loops_ring, st_stairs_12, nicolae_shop_firing_range
D:6:      minmay_skewed_foursquare, layout_basic,
          minmay_temple_entry_glassed_door, serial_glass, glass_columns_a,
          glass_columns_a, glass_columns_a, glass_columns_c
D:7:      layout_basic, enter_ossuary_4, enter_bailey_3, uniq_duvessa,
          uniq_joseph
D:8:      layout_loops_cross, lemuel_tele_altar, grunt_gozag_breadcrumbs,
          nrook_pool_corridor, dk_noncrumbling_4
D:9:      layout_cave_pools, lemuel_mausoleum_altar_yredelemnul, erik_orc_1,
          uniq_maurice
Temple:   hellmonk_temple_two_chambers

Skill      XL: |  1  2  3  4  5  6  7  8  9 |
---------------+----------------------------+-----
Ranged Weapons | 5 6 8 9 10 12 13 | 13.8
Invocations    | 2 3 |  3.7
Fighting       | |  2.6
Dodging        | |  2.1
Stealth        | |  1.0

Action                     |  1- 3 |  4- 6 |  7- 9 || total
---------------------------+-------+-------+-------++-------
  Melee: Whip              |       |       |     7 ||     7
         Unarmed           |       |       |     7 ||     7
         Kick              |       |       |     5 ||     5
         Peck              |       |       |     2 ||     2
   Fire: Shortbow          |   116 |    98 |   344 ||   558
         Hand crossbow     |       |       |     9 ||     9
 Invoke: Wall of Briars    |       |       |     4 ||     4
    Use: Scroll            |     1 |     6 |    19 ||    26
         Potion            |     1 |       |     9 ||    10
   Stab: Confused          |       |       |     1 ||     1
 Armour: Leather armour    |    13 |     4 |       ||    17
         Ring mail         |       |    22 |    73 ||    95
         Skin              |       |       |    12 ||    12
  Dodge: Dodged            |    39 |    40 |   174 ||   253

Table legend: (Time is in decaauts)
 A = Elapsed time spent in this place.
 B = Non-inter-level travel time spent in this place.
 C = Inter-level travel time spent in this place.
 D = Time resting spent in this place.
 E = Time spent auto-exploring this place.
 F = Levels seen in this place.
 G = Mean time per level.
                   A        B        C        D        E       F      G
               +--------+--------+--------+--------+--------+-----+--------+
         Total |   8243 |   8005 |    238 |   2713 |   2725 |  10 |  824.3 |
       Dungeon |   8242 |   8004 |    238 |   2713 |   2725 |   9 |  915.8 |
        Temple |      1 |      1 |      0 |      0 |      0 |   1 |    1.0 |
               +--------+--------+--------+--------+--------+-----+--------+

Top non-repeatable levels by time:
     D:6: 2941 daAuts
     D:5: 1332 daAuts
     D:3: 1068 daAuts
     D:1: 1056 daAuts
     D:4: 697 daAuts
     D:2: 696 daAuts
     D:7: 411 daAuts
     D:9: 24 daAuts
     D:8: 12 daAuts
  Temple: 1 daAuts
